 Dungeon Crawl Stone Soup version 0.28-a0-401-ge240ad9e29 (webtiles) character file.

Game seed: 14901827103997386061

21 omnomnOMINOUS the Skirmisher (level 2, 0/31 HPs)
             Began as an Octopode Wanderer on Sept 4, 2021.
             Was a Follower of Fedhas.
             Succumbed to a kobold's poison
             ... on level 1 of the Dungeon.
             The game lasted 00:01:14 (789 turns).

omnomnOMINOUS the Skirmisher (Octopode Wanderer)     Turns: 789, Time: 00:01:15

Health: 0/31       AC: 21    Str: 11    XL:     2   Next: 87%
Magic:  5/5        EV:  2    Int: 13    God:    Fedhas [*.....]
Gold:   8          SH:  0    Dex: 12    Spells: 5/5 levels left

rFire   . . .      SeeInvis .   a - +2 dagger
rCold   . . .      Faith    .   (no shield)
rNeg    + + +      Spirit   .   (helmet currently unavailable)
rPois   +          Reflect  .   (no amulet)
rElec   .          Harm     .   (no ring)
rCorr   .          Rampage  .   (no ring)
Will    .....      Clarity  +   (no ring) Stlth +.........NoTele +
                                (no ring)
HPRegen 0.10/turn               (no ring)
MPRegen 0.09/turn               (no ring)
                                (no ring)
                                (no ring)

@: lethally poisoned (0 -> -5), tree-form
A: stationary, stasis, torment immunity, boosted hp, almost no armour,
(amphibious), 8 rings, (camouflage 1), (gelatinous body 1), (nimble swimmer 1),
(tentacles), (tentacle spike 1), clarity
a: Renounce Religion


You were on level 1 of the Dungeon.
You worshipped Fedhas.
Fedhas was aware of your devotion.
You were a tree.
You visited 1 branch of the dungeon, and saw 1 of its levels.

You collected 8 gold pieces.

Inventory:

Hand Weapons
 a - a +2 dagger (weapon)
 b - a +0 short sword of protection
 c - a +0 hand axe
 d - a +0 mace
Missiles
 h - 2 curare-tipped darts (quivered)
Armour
 e - a +0 buckler
Scrolls
 g - a scroll of blinking {unknown}
Potions
 i - a potion of mutation


   Skills:
 - Level 3.0 Fighting
 - Level 2.0 Maces & Flails
 - Level 2.0 Throwing
 + Level 2.4 Dodging
 - Level 2.0 Spellcasting
 - Level 1.0 Transmutations


You had 5 spell levels left.
You didn't know any spells.
Your spell library was empty.

Dungeon Overview and Level Annotations

Branches:
Dungeon (1/15)

Altars:
Fedhas


Innate Abilities, Weirdness & Mutations

You are a tree.
Your roots penetrate the ground, keeping you stationary.
You cannot be teleported.
You are immune to unholy pain and torment.
Your maximum health is greatly increased.
You cannot wear most types of armour.
((You are amphibious.))
You can wear up to eight rings at the same time.
((Your skin changes colour to match your surroundings (Stealth+).))
((Your rubbery body absorbs attacks. (AC +1, EV +1)))
((You are camouflaged near water. (Stealth+)))
((You have tentacles for arms and can constrict up to eight enemies at once.))
((One of your tentacles bears a spike.))
You possess an exceptional clarity of mind.


Message History

You are lethally poisoned!
You hit the kobold. You grab the kobold.
The kobold is heavily wounded.
You constrict the kobold, but do no damage.
You feel very sick.
The kobold hits you with a +1 short sword of venom.
You are too injured to fight recklessly!
You are too injured to fight recklessly!
You are too injured to fight recklessly!
You are too injured to fight recklessly!
You are too injured to fight recklessly!
You are too injured to fight recklessly!
You are too injured to fight recklessly!
You are too injured to fight recklessly!
You are too injured to fight recklessly!
You are too injured to fight recklessly!
You are too injured to fight recklessly!
You are too injured to fight recklessly!
You are too injured to fight recklessly!
You are too injured to fight recklessly!
You are too injured to fight recklessly!
You are too injured to fight recklessly!
Unknown command.
You hit the kobold.
You kill the kobold!
Fedhas appreciates your contribution to the ecosystem.
* * * LOW HITPOINT WARNING * * *
You feel very sick.
* * * LOW HITPOINT WARNING * * *
You feel sick.
Items here: )) †††.
It was a potion of mutation.
You feel extremely strange.
One of your lower tentacles grows a sharp spike.
Your thoughts seem clearer.
* * * LOW HITPOINT WARNING * * *
You feel sick.
It was a potion of lignification.
You turn into a tree.
Your roots penetrate the ground.
You die...
Fedhas appreciates your contribution to the ecosystem.

#### ...
###.# #.♣.#
#####.#####.
#...........#
#.###.#######
#.# #.# #.#
... #.# #.##
#.# #.# #.#
#.#


There were no monsters in sight!

Vanquished Creatures
  A dart slug (D:1)
  An endoplasm (D:1)
  3 giant cockroaches (D:1)
  3 goblins (D:1)
  A hobgoblin (D:1)
  2 quokkas (D:1)
  A ball python (D:1)
  2 kobolds (D:1)
  3 rats (D:1)
17 creatures vanquished.

Notes
Turn   | Place    | Note
-------+----------+-------------------------------------------
     0 | D:1      | omnomnOMINOUS the Octopode Wanderer began the quest for the
                  | Orb.
     0 | D:1      | omnomnOMINOUS set off with the following items: a +2
                  | dagger, 2 curare-tipped darts, a +0 hand axe, a +0 mace
     0 | D:1      | Reached XP level 1. HP: 16/16 MP: 3/3
   186 | D:1      | Reached skill level 1 in Dodging
   304 | D:1      | Reached XP level 2. HP: 19/21 MP: 5/5
   346 | D:1      | Found a faded altar of an unknown god.
   352 | D:1      | Became a worshipper of Fedhas Madash
   352 | D:1      | Reached * piety under Fedhas
   788 | D:1      | Gained mutation: One of your tentacles bears a spike.
                  | [potion of mutation]
   788 | D:1      | Gained mutation: You possess an exceptional clarity of
                  | mind. [potion of mutation]
   788 | D:1      | HP: 1/21 [poisoned by a kobold]
   789 | D:1      | Succumbed to a kobold's poison

Illustrated notes

Levels and vault maps discovered:
D:1:      minmay_arrival_diagonal_passages, layout_basic,
          dreamdust_ecumenical_altar_angels_and_demons, minivault_27

Skill      XL: |  1  2 |
---------------+-------+-----
Dodging        | 1 2 |  2.4
Fighting       | |  3.0
Maces & Flails | |  2.0
Throwing       | |  2.0
Spellcasting   | |  2.0
Transmutations | |  1.0

Action                   || total
-------------------------++-------
Melee: Dagger            ||    35
       Constrict         ||     8
       Tentacles         ||     7
  Use: Potion            ||     2
 Stab: Sleeping          ||     2
Armor: Skin              ||     2
Dodge: Dodged            ||    20

Table legend: (Time is in decaauts)
 A = Elapsed time spent in this place.
 B = Non-inter-level travel time spent in this place.
 C = Inter-level travel time spent in this place.
 D = Time resting spent in this place.
 E = Time spent auto-exploring this place.
 F = Levels seen in this place.
 G = Mean time per level.
                   A        B        C        D        E       F      G
               +--------+--------+--------+--------+--------+-----+--------+
         Total |    788 |    788 |      0 |    141 |    519 |   1 |  788.0 |
       Dungeon |    788 |    788 |      0 |    141 |    519 |   1 |  788.0 |
               +--------+--------+--------+--------+--------+-----+--------+

Top non-repeatable levels by time:
     D:1: 788 daAuts
